 Dungeon Crawl Stone Soup version 0.18.1-8-gdd0e5ea (webtiles) character file.

4134 georgeearnest the Grappler (level 10, -6/98 HPs)
             Began as a Troll Monk on May 28, 2016.
             Was an Elder of Pakellas.
             Mangled by a seven-headed hydra (7 damage)
             ... on level 1 of the Lair of Beasts on May 31, 2016.
             The game lasted 00:23:58 (9079 turns).

georgeearnest the Grappler (Troll Monk)             Turns: 9079, Time: 00:23:58

Health: -6/98      AC:  5    Str: 21    XL:     10   Next: 6%
Magic:  9/9        EV: 14    Int:  4    God:    Pakellas [****..]
Gold:   197        SH:  0    Dex: 15    Spells: 0 memorised, 9 levels left

rFire  + . .     SeeInvis .       - Unarmed
rCold  x . .     Gourm    +     a - +0 robe
rNeg   . . .     Faith    .     (no shield)
rPois  .         Spirit   .     (helmet restricted)
rElec  .         Dismiss  .     (no cloak)
rCorr  .         Reflect  .     (gloves unavailable)
SustAt .         Harm     .     (boots unavailable)
MR     .....                    (no amulet)
Stlth  ++........               d - ring of fire
                                F - ring of flight

@: drained, not resistant to hostile enchantments, unstealthy
A: unfitting armour, claws 3, dopey 1, fast metabolism 3, gourmand, regeneration
2, shaggy fur 1, tough skin 2
a: Quick Charge, Device Surge, Renounce Religion, Evoke Flight


You were on level 1 of the Lair of Beasts.
You worshipped Pakellas.
Pakellas was greatly pleased with you.
You were not hungry.

You visited 2 branches of the dungeon, and saw 11 of its levels.
You also visited: Ossuary.

You collected 505 gold pieces.
You spent 308 gold pieces at shops.

Inventory:

Armour
 a - a +0 robe (worn)
 q - a +0 robe
Jewellery
 d - a ring of fire (right claw)
 r - an uncursed ring of positive energy {unknown}
 E - an uncursed ring of loudness
 F - a ring of flight (left claw)
Wands
 v - a wand of confusion (14/48)
 x - a wand of enslavement (12/24)
 K - a wand of acid (4/15)
 L - a wand of acid (7/15)
Scrolls
 e - 2 scrolls of amnesia
 g - 5 scrolls of remove curse
 h - 3 scrolls of fear
 n - 2 scrolls of recharging
 o - 2 scrolls of fog {unknown}
 y - a scroll of blinking {unknown}
 A - a scroll of acquirement {unknown}
 B - 4 scrolls of enchant armour
 C - 3 scrolls of magic mapping
 I - a scroll of immolation {unknown}
Potions
 f - 2 potions of cancellation {unknown}
 j - 3 potions of lignification
 l - a potion of haste
 p - a potion of cure mutation {unknown}
 u - a potion of flight
 z - a potion of invisibility
 D - 3 potions of heal wounds {unknown}
 H - a potion of agility {unknown}
 J - 2 potions of magic
Books
 w - a book of Geomancy

   Spells                             Type                      Level
   a - Sandblast                      Earth                        1
   b - Passwall                       Transmutation/Earth          2
   c - Stone Arrow                    Conjuration/Earth            3
   d - Petrify                        Transmutation/Earth          4
   e - Lee's Rapid Deconstruction     Earth                        5
 M - a book of Enchantments

   Spells                             Type                      Level
   a - Cause Fear                     Hexes                        4
   b - Yara's Violent Unravelling     Hexes/Transmutation          5
   c - Silence                        Hexes/Air                    5
   d - Deflect Missiles               Charms/Air                   6
   e - Haste                          Charms                       6
   f - Discord                        Hexes                        8
Miscellaneous
 G - a disc of storms
Comestibles
 b - 11 bread rations
 c - 3 slices of pizza
 i - 2 fruits
 k - a royal jelly
 m - 2 beef jerkies
 t - 3 meat rations


   Skills:
 + Level 5.9(4.7) Fighting
 + Level 8.2(7.0) Dodging
 + Level 3.0(2.0) Stealth
 + Level 9.1(7.8) Unarmed Combat
 + Level 0.1(0.0) Evocations


You had 9 spell levels left.
You didn't know any spells.

Dungeon Overview and Level Annotations

Branches:
Dungeon (10/15)            Temple (0/1) D:7            Lair (1/8) D:9
    Orc: D:9-12

Altars:
Ashenzari
Elyvilon
Fedhas
Gozag
Kikubaaqudgha
Nemelex Xobeh
Pakellas
Sif Muna
Yredelemnul
Zin
The Shining One

Shops:
D:8 }

Annotations:
D:10 Gagarin's ghost, journeyman MiFi
Lair:1 Gagarin's ghost, novice MiFi


Innate Abilities, Weirdness & Mutations

You are too large for most types of armour.
You have claws for hands.
Your metabolism is lightning-fast.
You like to eat raw meat.
You heal very quickly.
You are covered in fur (AC +1).
You have very tough skin (AC +2).
You are dopey. (Int -2)


Message History

You scratch the plant.
The plant is moderately damaged.
You scratch the plant but do no damage.
The plant is moderately damaged.
The seven-headed hydra misses you.
The seven-headed hydra closely misses you.
The seven-headed hydra barely misses you.
The seven-headed hydra bites you. x2; The seven-headed hydra bites you!
The seven-headed hydra barely misses you.
You scratch the plant. You claw the plant, but do no damage.
The plant is moderately damaged.
The seven-headed hydra bites you! x2
* * * LOW HITPOINT WARNING * * *
The seven-headed hydra bites you!
* * * LOW HITPOINT WARNING * * *
The seven-headed hydra bites you!
* * * LOW HITPOINT WARNING * * *
The seven-headed hydra bites you!
You die...
Pakellas says: Time to start the next experiment...

# ##.+ ###########
..... #P#.##P##.#####
......+.#l..........#
......P@DH.........#
......###W.........#
..... #..........#
.... #P..........+
... ##..........# ##
##P#####'#.# ###
#.### ##..# ### #..##


You could see a seven-headed hydra, a komodo dragon, a hippogriff and Gagarin's
ghost.

Vanquished Creatures
  Joseph (D:9)
  Eustachio (D:6)
  A hungry ghost (D:9)
  2 phantoms (D:7)
  An ice beast (D:9)
  An orc warrior (D:8)
  3 ogres
  2 centaurs
  5 giant frogs
  2 water moccasin zombies (Ossuary)
  4 scorpions
  8 wights
  5 howler monkeys
  A bog body (Ossuary)
  4 crimson imps
  2 giant frog zombies (Ossuary)
  7 centaur zombies (Ossuary)
  2 hounds
  A jelly (D:9)
  A wasp zombie (Ossuary)
  5 orc priests
  2 centaur skeletons
  An iguana (D:3)
  4 orc wizards
  5 worker ants
  2 killer bee zombies (Ossuary)
  4 hound zombies
  6 mummies (Ossuary)
  4 worker ant zombies
  8 gnolls
  9 adders
  4 shadow imps
  An ooze (D:1)
  5 adder zombies (Ossuary)
  A dart slug (D:3)
  4 worms
  2 giant geckos (D:4)
  27 orcs
  10 giant cockroaches
  6 goblins
  8 hobgoblins
  20 jackals
  4 quokkas
  A ball python skeleton (D:5)
  5 bats
  A giant gecko zombie (Ossuary)
  3 giant newts
  A goblin skeleton (D:4)
  A goblin zombie (D:4)
  4 hobgoblin zombies (D:4)
  A jackal skeleton (D:6)
  A jackal zombie (Ossuary)
  3 kobolds
  A kobold zombie (D:4)
  An orc zombie (D:4)
  3 quokka zombies (Ossuary)
  7 rats
  A fungus (Lair:1)
230 creatures vanquished.

Vanquished Creatures (others)
  3 fungi (Lair:1)
  A withered plant (Ossuary)
4 creatures vanquished.

Grand Total: 234 creatures vanquished

Notes
Turn   | Place    | Note
--------------------------------------------------------------
     0 | D:1      | georgeearnest the Troll Monk began the quest for the Orb.
     0 | D:1      | Reached XP level 1. HP: 22/22 MP: 0/0
   320 | D:1      | Reached XP level 2. HP: 29/29 MP: 1/1
   915 | D:2      | Found a glowing silver altar of Zin.
   990 | D:2      | Reached XP level 3. HP: 34/36 MP: 2/2
  1621 | D:3      | Reached XP level 4. HP: 37/44 MP: 3/3
  1804 | D:3      | Reached skill level 5 in Unarmed Combat
  1812 | D:3      | Gained mutation: You have an increased reservoir of magic (+10% MP). [potion of mutation]
  1812 | D:3      | Gained mutation: You are dopey. (Int -2) [potion of mutation]
  1812 | D:3      | Lost mutation: You have an increased reservoir of magic (+10% MP). [potion of mutation]
  1816 | D:3      | Reached XP level 5. HP: 53/53 MP: 4/4
  2845 | D:4      | Found a deep blue altar of Sif Muna.
  2877 | D:4      | Reached XP level 6. HP: 61/61 MP: 5/5
  3183 | D:4      | Found a glowing golden altar of the Shining One.
  3541 | D:4      | Found a blossoming altar of Fedhas.
  3742 | D:5      | Entered Level 5 of the Dungeon
  3867 | D:5      | Found an ancient bone altar of Kikubaaqudgha.
  3966 | D:5      | Reached XP level 7. HP: 68/68 MP: 6/6
  4008 | D:5      | Found a shattered altar of Ashenzari.
  4041 | D:5      | Found a white marble altar of Elyvilon.
  4188 | D:5      | Reached skill level 6 in Unarmed Combat
  4364 | D:5      | Found an oddly glowing altar of Pakellas.
  4628 | D:5      | Became a worshipper of Pakellas the Inventive
  4628 | D:5      | Reached * piety under Pakellas
  4628 | D:5      | Received a gift from Pakellas
  4628 | D:5      | Reached ** piety under Pakellas
  4628 | D:5      | Received a gift from Pakellas
  4685 | D:6      | Reached skill level 5 in Dodging
  4798 | D:6      | Reached XP level 8. HP: 59/78 MP: 7/7
  4881 | D:6      | Found a sand-covered staircase.
  4893 | Ossuary  | Entered an ossuary
  5067 | Ossuary  | Reached *** piety under Pakellas
  5067 | Ossuary  | Received a gift from Pakellas
  5117 | Ossuary  | Reached skill level 7 in Unarmed Combat
  5318 | D:6      | Noticed Eustachio
  5333 | D:6      | Killed Eustachio
  5439 | D:6      | Reached skill level 5 in Fighting
  5439 | D:6      | Reached XP level 9. HP: 88/88 MP: 8/8
  5465 | D:6      | Found an oddly glowing altar of Pakellas.
  5710 | D:7      | Reached skill level 8 in Unarmed Combat
  5960 | D:7      | Found a staircase to the Ecumenical Temple.
  6654 | D:8      | Reached **** piety under Pakellas
  6654 | D:8      | Received a gift from Pakellas
  6751 | D:8      | Found Qaotel's Gadget Emporium.
  6758 | D:8      | Bought a wand of acid (7/15) for 308 gold pieces
  7002 | D:8      | Found an opulent altar of Gozag.
  7003 | D:8      | Found a sparkling altar of Nemelex Xobeh.
  7979 | D:9      | Noticed Joseph
  8198 | D:9      | Killed Joseph
  8198 | D:9      | Reached skill level 9 in Unarmed Combat
  8340 | D:10     | Entered Level 10 of the Dungeon
  8343 | D:10     | Noticed Gagarin's ghost (journeyman MiFi)
  8352 | D:9      | Reached XP level 10. HP: 45/98 MP: 9/9
  8529 | D:9      | Found a basalt altar of Yredelemnul.
  8566 | D:9      | Found a staircase to the Lair.
  8694 | Lair:1   | Entered Level 1 of the Lair of Beasts
  8701 | Lair:1   | Noticed Gagarin's ghost (novice MiFi)
  9031 | Lair:1   | Noticed a seven-headed hydra
  9079 | Lair:1   | HP: 1/98 [seven-headed hydra (13)]
  9079 | Lair:1   | Mangled by a seven-headed hydra

Skill      XL: |  1  2  3  4  5  6  7  8  9 |
---------------+----------------------------+-----
Fighting       | 3 4 5 |  5.9
Dodging        | 3 4 5 6 8 |  8.2
Unarmed Combat | 5 6 7 9 |  9.1
Stealth        | 2 3 |  3.0
Evocations     | |  0.1

Action                   |  1- 3 |  4- 6 |  7- 9 | 10-12 || total
-------------------------+-------+-------+-------+-------++-------
Melee: Unarmed           |    79 |   201 |   483 |    28 ||   791
       Punch             |     1 |     4 |    19 |     4 ||    28
Evoke: Wand              |       |       |     1 |     2 ||     3
       Phantom mirror    |       |       |     1 |       ||     1
       Disc of storms    |       |       |       |     9 ||     9
  Use: Potion            |       |     6 |     5 |       ||    11
       Scroll            |       |     1 |     9 |     4 ||    14
 Stab: Sleeping          |     3 |     1 |     3 |       ||     7
       Distracted        |       |       |     1 |       ||     1
  Eat: Chunk             |    13 |    22 |    36 |       ||    71
       Beef jerky        |       |     1 |       |       ||     1
       Meat ration       |       |     1 |     1 |       ||     2
       Bread ration      |       |       |       |     1 ||     1
Armor: Robe              |    33 |    60 |   102 |     4 ||   199
       Skin              |       |     6 |       |       ||     6
Dodge: Dodged            |    43 |   142 |   320 |    25 ||   530
